 Dungeon Crawl Stone Soup version 0.18.1-8-gdd0e5ea (webtiles) character file.

3028 sugabear the Slasher (level 9, -1/47 HPs)
             Began as a Vine Stalker Gladiator on June 13, 2016.
             Was a Believer of the Shining One.
             Slain by Gastronok (24 damage)
             ... on level 8 of the Dungeon.
             The game lasted 00:11:03 (6992 turns).

sugabear the Slasher (Vine Stalker Gladiator)       Turns: 6992, Time: 00:11:05

Health: -1/47      AC: 10    Str: 21    XL:     9   Next: 85%
Magic:  0/10       EV: 15    Int:  8    God:    the Shining One [**....]
Gold:   242        SH:  0    Dex: 15    Spells: 0 memorised, 8 levels left

rFire  . . .     SeeInvis .     H - +0 short sword (freeze)
rCold  . . .     Gourm    .     A - +0 ring mail
rNeg   + . .     Faith    .     (no shield)
rPois  .         Spirit   +     c - +0 helmet
rElec  .         Dismiss  .     (no cloak)
rCorr  .         Reflect  .     u - +1 pair of gloves
SustAt .         Harm     .     t - +0 pair of boots
MR     +....                    (no amulet)
Stlth  +.........               (no ring)
                                (no ring)

@: slowed, glowing, very slow, somewhat resistant to hostile enchantments, very
unstealthy
A: fangs 3, regeneration 2, magic shield, antimagic bite, no device heal 3, rot
immunity
a: Divine Shield, Renounce Religion


You were on level 8 of the Dungeon.
You worshipped the Shining One.
The Shining One was pleased with you.
You were not hungry.

You visited 2 branches of the dungeon, and saw 9 of its levels.

You collected 242 gold pieces.

Inventory:

Hand Weapons
 a - a +0 long sword
 b - a +0 dagger of holy wrath
 H - a +0 short sword of freezing (weapon)
Missiles
 d - 2 throwing nets (quivered)
Armour
 c - a +0 helmet (worn)
 t - a +0 pair of boots (worn)
 u - a +1 pair of gloves (worn)
 A - a +0 ring mail (worn)
Jewellery
 D - a cursed ring of loudness {unknown}
 F - an uncursed ring of wizardry {unknown}
Scrolls
 e - 2 scrolls of recharging {unknown}
 g - 6 scrolls of identify {unknown}
 i - a scroll of blinking {unknown}
 j - 2 scrolls of noise {unknown}
 q - 2 scrolls of enchant weapon {unknown}
 r - 4 scrolls of amnesia {unknown}
 v - a scroll of fog {unknown}
 x - 6 scrolls of remove curse {unknown}
 y - 2 scrolls of teleportation {unknown}
 z - 2 scrolls of magic mapping {unknown}
 J - a scroll of immolation {unknown}
Potions
 h - 3 potions of lignification {unknown}
 k - a potion of flight {unknown}
 n - 2 potions of degeneration {unknown}
 o - 2 potions of cure mutation {unknown}
 p - a potion of brilliance {unknown}
 s - a potion of ambrosia {unknown}
 B - 2 potions of resistance {unknown}
 C - a potion of might {unknown}
 E - a potion of berserk rage {unknown}
 I - a potion of mutation {unknown}
Books
 w - a book of Conjurations

   Spells                             Type                      Level
   a - Magic Dart                     Conjuration                  1
   b - Searing Ray                    Conjuration                  2
   c - Dazzling Spray                 Conjuration/Hexes            3
   d - Fulminant Prism                Conjuration/Hexes            4
   e - Iskenderun's Mystic Blast      Conjuration                  4
   f - Iskenderun's Battlesphere      Conjuration/Charms           5
Comestibles
 f - 2 bread rations
 l - 2 fruits
 m - 4 meat rations


   Skills:
 + Level 5.4 Fighting
 + Level 0.3(4.2) Short Blades
 + Level 6.8 Long Blades
 + Level 2.0 Throwing
 + Level 4.9 Armour
 + Level 6.6 Dodging
 + Level 3.1 Stealth


You had 8 spell levels left.
You didn't know any spells.

Dungeon Overview and Level Annotations

Branches:
Dungeon (8/15)             Temple (1/1) D:4
   Lair: D:8-11

Altars:
Ashenzari
Dithmenos
Fedhas
Gozag
Kikubaaqudgha
Nemelex Xobeh
Okawaru
Qazlal
Ru
Sif Muna
Trog
Vehumet
Yredelemnul
Zin
The Shining One
Lugonu

Shops:
D:4 (

Annotations:
D:8 Gastronok


Innate Abilities, Weirdness & Mutations

You have razor-sharp teeth.
You heal very quickly.
When hurt, damage is shared between your health and your magic reserves.
Your bite disrupts and absorbs the magic of your enemies.
Potions and wands cannot restore your health.
You are immune to rotting.


Message History

Gastronok is lightly wounded.
Unknown command.
There is a stone staircase leading up here.
You completely miss Gastronok. You bite Gastronok, but do no damage.
Gastronok is lightly wounded.
Gastronok bites you.
You hit Gastronok. You freeze Gastronok. You bite Gastronok!
Gastronok's magic leaks into the air.
You drain his magic.
You feel invigorated.
Gastronok is lightly wounded.
Gastronok bites you!!
You hit Gastronok. You freeze Gastronok. You bite Gastronok, but do no damage.
Gastronok is lightly wounded.
You puncture Gastronok! You freeze Gastronok. You bite Gastronok!
Gastronok's magic leaks into the air.
You drain his magic.
You feel invigorated.
Gastronok is moderately wounded.
Gastronok bites you!!
Ouch! That really hurt!
You die...

#........###w#
#.##.#..##
#.## # #.#.##
#.# #.##.##
##.##
#.###.###.##
... ##.#...#
... ##.##.# ..
#.##w# #.##@#
#.##.# #.##.#
#.##.. #.####
#.#


You could see Gastronok.

Vanquished Creatures
  Pikel (D:7)
  Sigmund (D:2)
  A hungry ghost (D:7)
  Duvessa (D:7)
  An ice beast (D:8)
  4 slaves (D:6)
  An ogre (D:5)
  2 phantoms
  A centaur (D:6)
  A big kobold (D:7)
  6 giant frogs
  Dowan (D:7)
  3 scorpions
  A howler monkey (D:4)
  A crimson imp (D:7)
  A giant frog zombie (D:6)
  2 hounds
  3 orc priests
  A centaur skeleton (D:7)
  8 orc wizards
  A giant frog skeleton (D:5)
  A gnoll shaman (D:5)
  3 iguanas
  5 worker ants
  A hound zombie (D:7)
  A howler monkey skeleton (D:5)
  12 gnolls
  5 adders
  A shadow imp (D:6)
  2 worms
  2 dart slugs (D:3)
  4 giant geckos
  21 orcs
  6 bats
  4 giant cockroaches (D:3)
  8 hobgoblins
  17 jackals
  4 quokkas
  A giant gecko skeleton (D:6)
  6 giant newts
  8 goblins
  12 kobolds
  A quokka zombie (D:5)
  8 rats
175 creatures vanquished.

Vanquished Creatures (others)
  An orc wizard (D:4)
  An orc (D:4)
2 creatures vanquished.

Grand Total: 177 creatures vanquished

Notes
Turn   | Place    | Note
--------------------------------------------------------------
     0 | D:1      | sugabear the Vine Stalker Gladiator began the quest for the Orb.
     0 | D:1      | Reached XP level 1. HP: 11/11 MP: 2/2
    81 | D:1      | Reached XP level 2. HP: 13/15 MP: 3/3
   386 | D:1      | Reached XP level 3. HP: 15/18 MP: 4/4
  1285 | D:2      | Found a stormy altar of Qazlal.
  1285 | D:2      | Found a shadowy altar of Dithmenos.
  1285 | D:2      | Noticed Sigmund
  1291 | D:2      | Killed Sigmund
  1291 | D:2      | Reached XP level 4. HP: 14/23 MP: 3/5
  1291 | D:2      | Reached XP level 5. HP: 17/27 MP: 3/6
  1859 | D:3      | Gained mutation: You heal very quickly. [Vine Stalker growth]
  1859 | D:3      | Reached XP level 6. HP: 31/31 MP: 7/7
  1936 | D:3      | Found a glowing golden altar of the Shining One.
  1957 | D:3      | Became a worshipper of the Shining One
  2054 | D:3      | Found a blossoming altar of Fedhas.
  2199 | D:3      | Found an iron altar of Okawaru.
  2751 | D:4      | Found a staircase to the Ecumenical Temple.
  2772 | Temple   | Entered the Ecumenical Temple
  2984 | D:4      | Found Wyimahudd's Weapon Emporium.
  3049 | D:4      | Reached XP level 7. HP: 32/35 MP: 6/8
  3790 | D:5      | Entered Level 5 of the Dungeon
  3921 | D:5      | Found a sacrificial altar of Ru.
  4024 | D:5      | Reached skill level 1 in Stealth
  4036 | D:5      | Found a sparkling altar of Nemelex Xobeh.
  4101 | D:5      | Reached * piety under the Shining One
  4217 | D:4      | Gained mutation: You have razor-sharp teeth. [Vine Stalker growth]
  4217 | D:4      | Reached XP level 8. HP: 26/40 MP: 6/9
  4248 | D:5      | Reached skill level 5 in Dodging
  4586 | D:5      | Reached skill level 5 in Long Blades
  5527 | D:6      | Reached XP level 9. HP: 46/46 MP: 10/10
  5816 | D:7      | Noticed Pikel
  6007 | D:7      | Killed Pikel
  6064 | D:7      | Noticed Duvessa
  6067 | D:7      | Noticed Dowan
  6108 | D:7      | Killed Duvessa
  6108 | D:7      | Reached skill level 5 in Fighting
  6112 | D:7      | Killed Dowan
  6336 | D:7      | Found a shattered altar of Ashenzari.
  6337 | D:7      | Reached ** piety under the Shining One
  6907 | D:8      | Found a basalt altar of Yredelemnul.
  6954 | D:8      | Noticed Gastronok
  6992 | D:8      | Slain by Gastronok

Skill      XL: |  1  2  3  4  5  6  7  8  9 |
---------------+----------------------------+-----
Long Blades    | 3 4 5 6 |  6.8
Dodging        | 3 4 5 6 |  6.6
Fighting       | 2 3 4 5 |  5.4
Armour         | 2 3 4 |  4.9
Throwing       | 2 |  2.0
Stealth        | 1 2 3 |  3.1
Short Blades   | |  0.3

Action                   |  1- 3 |  4- 6 |  7- 9 || total
-------------------------+-------+-------+-------++-------
Melee: Long sword        |   102 |   146 |   290 ||   538
       Bite              |    18 |    45 |   117 ||   180
       Short sword       |       |       |    78 ||    78
       Dagger            |       |       |     7 ||     7
Throw: Throwing net      |       |     1 |       ||     1
 Stab: Sleeping          |     1 |       |       ||     1
  Eat: Chunk             |     1 |     6 |    11 ||    18
       Fruit             |       |       |     2 ||     2
       Royal jelly       |       |       |     1 ||     1
       Pizza             |       |       |     1 ||     1
       Beef jerky        |       |       |     1 ||     1
Armor: Leather armour    |    31 |    43 |       ||    74
       Ring mail         |       |    23 |   154 ||   177
Dodge: Dodged            |   108 |   140 |   259 ||   507
